Map: Newkirk Precinct TE (Void)

Players

Neuro - Winner!

  • Race: Zerg Zerg
  • Spawn Location: 5:00

Nistic

  • Race: Zerg Zerg
  • Spawn Location: 7:00

Event: WCS Austin 2017

VOD

Have the link to the VOD?

Description

Time

  • Played on: April 28, 2017, 2:03 p.m.
  • Length: 5:24

All games in this series

Show
View Real Time Build Order
Export as new Build Order

Neuro Zerg - Winner!

Build Orders: Hatch First, Zergling Baneling 

Get SALT Encoding   

  12  0:01  Drone  
  13  0:13  Overlord  
  13  0:20  Drone  
  14  0:31  Drone x2  
  14  0:35  Drone  
  17  0:53  Hatchery  
  17  0:55  Drone  
  17  0:59  Drone  
  18  1:09  Extractor  
  17  1:14  Spawning Pool  
  17  1:17  Drone  
  17  1:20  Drone  
  18  1:28  Drone  
  19  1:39  Overlord  
  19  1:50  Drone  
  20  2:00  Queen  
  22  2:01  Zergling x2  
  22  2:05  Queen  
  22  2:06  Zergling x2  
  26  2:09  Metabolic Boost  
  26  2:11  Drone  
  27  2:16  Drone  
  27  2:22  Drone  
  29  2:27  Drone  
  30  2:36  Baneling Nest  
  29  2:39  Drone x2  
  31  2:45  Overlord  
  31  2:51  Drone  
  32  2:58  Queen  
  32  3:03  Zergling x4  
  36  3:08  Spine Crawler  
  36  3:09  Zergling x8  
  39  3:18  Zergling x2  
  39  3:19  Zergling x4  
  41  3:25  Baneling x2  
  40  3:28  Zergling x2  
  40  3:32  Spine Crawler  
  40  3:33  Zergling x2  
  36  3:38  Zergling x4  
  35  3:42  Zergling x4  
  37  3:50  Baneling x2  
  37  3:53  Zergling x4  
  39  3:57  Baneling x2  
  39  3:58  Baneling  
  39  4:09  Zergling x4  
  41  4:10  Zergling x6  
  38  4:17  Baneling x2  
  38  4:23  Zergling x6  
  39  4:28  Queen  
  40  4:37  Zergling x2  
  40  4:38  Zergling x2  
  41  4:40  Zergling x2  
  41  4:43  Overlord  
  42  4:49  Zergling x6  
  44  5:01  Baneling  
  44  5:09  Baneling  
  44  5:10  Baneling x2  
Show
View Real Time Build Order
Export as new Build Order

Nistic Zerg 

Build Orders: Pool First 

Get SALT Encoding   

  12  0:01  Drone  
  13  0:08  Drone  
  14  0:18  Overlord  
  14  0:27  Drone, Extractor  
  15  0:37  Drone x2  
  17  0:48  Spawning Pool  
  16  0:51  Extractor  
  16  0:52  Drone  
  16  0:57  Drone  
  17  1:19  Hatchery  
  17  1:24  Drone  
  17  1:34  Queen  
  19  1:40  Zergling x2  
  19  1:45  Overlord  
  20  1:52  Metabolic Boost  
  20  1:57  Zergling x2  
  20  2:00  Zergling x2  
  22  2:05  Zergling x2  
  23  2:14  Baneling Nest  
  22  2:17  Zergling x2  
  23  2:24  Zergling x2  
  24  2:33  Zergling x2  
  25  2:42  Queen  
  25  2:44  Zergling x4  
  28  2:51  Zergling x2  
  30  2:53  Zergling x2  
  31  2:59  Zergling x2  
  31  3:02  Zergling x2  
  33  3:06  Zergling x2  
  33  3:08  Baneling  
  34  3:14  Zergling x2  
  35  3:21  Zergling x2  
  35  3:24  Zergling x2  
  35  3:32  Zergling x4  
  35  3:37  Zergling x2  
  35  3:38  Zergling x2  
  33  3:46  Zergling x4  
  34  4:06  Zergling x6  
  34  4:07  Baneling  
  34  4:08  Baneling  
  36  4:16  Zergling x2  
  24  4:44  Drone x3  
  24  4:45  Drone x4, Overlord  
  29  4:58  Drone x2  
  31  5:06  Drone x2  
Tags
 
Add a new tag
Caveats
  • Supply blocks, unpowered buildings, or Contaminate may cause inaccurate times.
  • Supply counts are checked every 10 seconds.